Map: 赛博森林-天梯版

Players

Reynor - Winner!

  • Race: Zerg Zerg

Probe

  • Race: Protoss Protoss
  • League: Platinum

Event: WESG 2018 Grand Finals

VOD

Have the link to the VOD?

Description

Time

  • Played on: March 12, 2019, 1:50 a.m.
  • Length: 6:31

All games in this series

Show
View Real Time Build Order
Export as new Build Order

Reynor Zerg - Winner!

Build Orders: Hatch First 

Get SALT Encoding   

  12  0:00  Drone  
  13  0:12  Overlord  
  13  0:17  Drone  
  14  0:30  Drone  
  15  0:45  Hatchery  
  15  0:49  Drone  
  15  0:53  Drone  
  15  0:56  Drone  
  17  1:01  Drone  
  18  1:10  Extractor  
  17  1:16  Spawning Pool  
  16  1:18  Drone  
  16  1:22  Drone  
  18  1:32  Drone  
  19  1:43  Drone  
  20  1:53  Drone  
  21  1:57  Overlord  
  21  2:05  Queen x2, Zergling x2  
  21  2:08  Zergling x2  
  27  2:14  Metabolic Boost  
  27  2:15  Drone  
  28  2:18  Drone  
  29  2:33  Drone x2  
  31  2:40  Hatchery  
  30  2:52  Drone x2  
  30  2:55  Zergling x4  
  34  2:59  Overlord  
  34  3:02  Zergling x2  
  34  3:15  Queen  
  34  3:16  Zergling x2, Spore Crawler  
  36  3:20  Zergling x8  
  36  3:21  Zergling x2  
  36  3:25  Drone x2  
  42  3:39  Zergling x2  
  43  3:41  Overlord  
  43  3:46  Lair  
  43  3:47  Overlord  
  43  3:53  Drone x2  
  43  3:54  Queen  
  45  4:03  Drone x4  
  45  4:04  Zergling x4  
  45  4:09  Queen  
  51  4:15  Zergling x4  
  51  4:16  Zergling x2  
  56  4:21  Zergling x4  
  56  4:22  Zergling x2  
  59  4:30  Queen  
  59  4:32  Overlord  
  59  4:35  Overlord  
  59  4:51  Overlord  
  59  4:57  Queen, Nydus Network  
  59  4:58  Zergling x10  
  65  5:02  Spore Crawler  
  65  5:05  Zergling x6  
  66  5:11  Zergling x6  
  66  5:13  Zergling x2  
  68  5:16  Zergling x2  
  68  5:17  Zergling x2  
  68  5:20  Zergling x2  
  67  5:27  Zergling x8  
  66  5:36  Zergling x10  
  66  5:38  Nydus Canal  
  66  5:45  Zergling x6  
  66  5:48  Zergling x2  
  66  5:49  Nydus Canal  
  70  5:52  Queen  
  70  5:54  Zergling x2  
  70  5:56  Zergling x2  
  74  5:58  Zergling x2  
  75  6:05  Zergling x2  
  75  6:06  Zergling x2  
  75  6:07  Nydus Canal  
  75  6:09  Zergling x2  
  71  6:14  Zergling x2  
Show
View Real Time Build Order
Export as new Build Order

Probe Protoss 

Build Orders: 1 Gate Expand, Phoenix Opening 

Get SALT Encoding   

  12  0:00  Probe  
  13  0:13  Probe  
  14  0:19  Pylon  
  14  0:25  Probe  
  15  0:30  Assimilator  
  15  0:33  Probe  
  15  0:41  Probe  
  16  0:48  Gateway  
  17  0:51  Probe  
  18  1:03  Probe  
  19  1:15  Probe  
  20  1:23  Nexus  
  20  1:35  Cybernetics Core  
  20  1:37  Probe  
  21  1:41  Assimilator  
  21  1:49  Probe  
  22  2:02  Probe  
  23  2:14  Pylon  
  23  2:15  Pylon  
  23  2:16  Warp Gate  
  23  2:29  Adept, Probe  
  23  2:31  Probe  
  27  2:37  Probe  
  27  2:39  Probe  
  29  2:46  Probe  
  29  2:49  Probe  
  31  2:58  Probe  
  31  3:01  Probe  
  32  3:06  Adept  
  32  3:11  Probe x2  
  35  3:17  Stargate  
  36  3:20  Probe  
  36  3:21  Stargate  
  36  3:23  Probe  
  38  3:28  Probe, Assimilator  
  38  3:29  Assimilator  
  38  3:33  Gateway  
  39  3:35  Probe  
  39  3:40  Probe  
  40  3:47  Probe  
  41  3:50  Pylon  
  41  3:52  Probe  
  42  3:58  Phoenix  
  42  3:59  Probe  
  42  4:00  Shield Battery  
  42  4:02  Phoenix  
  43  4:05  Adept  
  43  4:08  Probe  
  48  4:11  Probe  
  49  4:20  Probe  
  49  4:23  Probe  
  53  4:27  Sentry, Adept  
  59  4:32  Probe  
  59  4:34  Pylon  
  60  4:40  Pylon, Oracle x2  
  62  4:51  Pylon  
  64  4:52  Probe x2  
  64  4:57  Adept x2  
  68  5:07  Pylon  
  67  5:17  Oracle x2  
  67  5:18  Gateway  
  67  5:20  Gateway  
  67  5:23  Adept  
  67  5:25  Adept  
  67  5:35  Nexus  
  61  5:48  Shield Battery  
  61  5:51  Zealot x2  
  69  5:57  Shield Battery  
  69  5:59  Shield Battery  
  68  6:15  Zealot x2  
  72  6:22  Gateway  
Tags
 
Add a new tag
Caveats
  • Supply blocks, unpowered buildings, or Contaminate may cause inaccurate times.
  • Supply counts are checked every 10 seconds.